AoeStats
← ecerva.27

Arabia

510339134Analyzed
3v3 RM · 2d ago on Sep 30, 2026· 48m 33s· 6 players
Game mode
Random Map
Map size
Normal (6 player)
Population
200
Speed
Normal
Resources
Standard
Victory
Conquest
Starting age
Dark Age
Ending age
Imperial Age
RankedLock teamsTeams togetherTeam positionsShared explorationLock speedFull tech treeHidden civsTurbo modeCheats
Victory
Defeat
🇩🇪 Tatars · Germany
1244
+18
🇲🇽 Persians · Mexico
1235
+18
🇭🇰 Danes · Hong Kong SAR China
1210
+18
🇲🇺 Ethiopians · Mauritius
1302
-19
🇮🇳 Danes · India
1275
-18
🇨🇦 Persians · Canada
1258
-17
Derikas
7:36 Loom
9:45 Feudal Age
10:39 Double-Bit Axe
12:50 Horse Collar
16:04 Fletching
16:15 Padded Archer Armor
21:58 Castle Age
21:49 Bloodlines
21:44 Gold Mining
22:52 Bow Saw
23:25 Bodkin Arrow
23:32 Husbandry
25:00 Ballistics
26:48 Wheelbarrow
27:06 Heavy Plow
29:03 Hand Cart
29:13 Leather Archer Armor
37:07 Imperial Age
38:03 Silk Armor
37:43 Heavy Cavalry Archer
38:32 Bracer
39:34 Chemistry
38:39 Heavy Cavalry Archer
40:33 Conscription
41:49 Guilds
41:41 Caravan
42:37 Timurid Siegecraft
41:48 Elite Keshik
43:21 Scale Barding Armor
43:27 Forging
47:00 Chain Barding Armor
47:13 Ring Archer Armor
47:19 Iron Casting
49:15 Plate Barding Armor
ecerva.27
6:36 Loom
9:21 Feudal Age
9:52 Double-Bit Axe
12:32 Horse Collar
13:55 Forging
26:43 Castle Age
26:38 Scale Barding Armor
27:37 Bloodlines
27:27 Husbandry
28:54 Wheelbarrow
30:10 Gold Mining
33:19 Hand Cart
35:41 Heavy Plow
42:07 Imperial Age
41:52 Cavalier
43:26 Bow Saw
43:24 Heavy Camel Rider
45:55 Iron Casting
46:22 Conscription
46:58 Chain Barding Armor
48:14 Light Cavalry
julianwhlaw
2:41 Loom
9:53 Feudal Age
11:17 Double-Bit Axe
14:07 Horse Collar
19:40 Castle Age
18:19 Scale Mail Armor
18:58 Gold Mining
19:52 Forging
21:05 Wheelbarrow
19:53 Pikeman
22:30 Town Watch
23:50 Chain Mail Armor
27:58 Squires
30:34 Iron Casting
37:11 Imperial Age
36:05 Bow Saw
36:58 Hand Cart
38:54 Onager
40:11 Town Patrol
40:49 Elite Varangian Guard
46:50 Scale Barding Armor
49:05 Conscription
49:10 Caravan
TheTerrorizer72
5:23 Loom
10:21 Feudal Age
16:50 Castle Age
22:02 Double-Bit Axe
26:01 Scale Barding Armor
26:52 Horse Collar
28:36 Forging
31:58 Husbandry
32:11 Bloodlines
34:55 Imperial Age
33:02 Wheelbarrow
33:32 Iron Casting
33:14 Heavy Plow
34:09 Chain Barding Armor
34:36 Cavalier
36:11 Plate Barding Armor
37:58 Blast Furnace
37:28 Light Cavalry
38:33 Hussar
43:42 Coinage
44:13 Gold Mining
44:13 Savar
manit
7:42 Loom
10:10 Feudal Age
10:51 Double-Bit Axe
11:23 Horse Collar
16:30 Wheelbarrow
16:29 Bloodlines
17:59 Forging
21:09 Castle Age
19:40 Gold Mining
21:41 Scale Barding Armor
22:08 Heavy Plow
22:21 Bow Saw
22:53 Gold Shaft Mining
22:32 Scale Mail Armor
23:10 Iron Casting
23:00 Squires
23:19 Gambesons
23:40 Stone Mining
25:55 Scale Mail Armor
26:59 Chain Mail Armor
33:27 Fletching
34:03 Arson
35:14 Bodkin Arrow
36:39 Stone Shaft Mining
36:42 Hamask
39:20 Hand Cart
44:06 Imperial Age
41:26 Town Watch
45:27 Northmen's Fury
46:44 Hoardings
45:55 Heavy Scorpion
47:53 Plate Mail Armor
48:23 Blast Furnace
46:57 Elite Varangian Guard
48:01 Conscription
krishythefishy
4:50 Loom
9:00 Feudal Age
10:18 Double-Bit Axe
13:22 Horse Collar
18:19 Wheelbarrow
17:33 Town Watch
23:51 Castle Age
22:41 Fletching
22:51 Gold Mining
23:39 Padded Archer Armor
24:01 Crossbowman
24:47 Thumb Ring
25:26 Bodkin Arrow
25:54 Thumb Ring
32:36 Ballistics
33:12 Bow Saw
35:10 Leather Archer Armor
42:29 Elite Skirmisher
Connection lost

Rejoining the realm…

Still unreachable

The connection could not be restored.

Session expired

The server has moved on; the page needs a fresh start.